 Dungeon Crawl Stone Soup version 0.27-a0-1118-ga84896973d (webtiles) character file.

Game seed: 545794417781255203

495 Gaff the Magician (level 7, -9/50 HPs)
             Began as a Djinni Earth Elementalist on May 2, 2021.
             Was an Initiate of Makhleb.
             Shot with an arrow by a centaur (12 damage)
             ... on level 5 of the Dungeon.
             The game lasted 00:12:02 (5608 turns).

Gaff the Magician (Djinni Earth Elementalist)       Turns: 5608, Time: 00:12:02

Health: -9/50      AC:  6    Str:  7    XL:     7   Next: 15%
Gold:   247        EV: 11    Int: 19    God:    Makhleb [......] SH:  0 Dex: 13

rFire    + + .     SeeInvis .   a - +0 spear
rCold    x . .     Faith    .   (no shield)
rNeg     . . .     Spirit   .   n - +0 acid dragon scales
rPois    ∞         Reflect  .   (no helmet)
rElec    .         Harm     .   (no cloak)
rCorr    +         Rampage  .   (no gloves)
Will     .....                  (boots unavailable)
Stlth    +.........             (no amulet)
HPRegen  0.16/turn              (no ring)
MPRegen  0.00/turn              (no ring)

@: flying
A: fire resistance 2, cold vulnerability 1, float, innate caster, hp casting,
extra vitality 1
a: Renounce Religion


You were on level 5 of the Dungeon.
You worshipped Makhleb.
Makhleb was noncommittal.
You visited 1 branch of the dungeon, and saw 6 of its levels.

You collected 247 gold pieces.

Inventory:

Hand Weapons
 a - a +0 spear (weapon)
Missiles
 b - 59 stones
 e - 7 boomerangs
Armour
 c - a +0 robe
 l - a scarf of invisibility
 n - +0 acid dragon scales (worn)
 u - a +0 kite shield
Magical Staves
 s - a staff of death
Wands
 h - a wand of mindburst (16)
 o - a wand of flame (24)
 w - a wand of acid (6)
Scrolls
 g - 3 scrolls of enchant armour {unknown}
 k - 2 scrolls of noise
 m - a scroll of torment
 p - a scroll of brand weapon
 q - a scroll of blinking
Potions
 d - a potion of flight {unknown}
 f - a potion of heal wounds {unknown}
 i - a potion of berserk rage {unknown}
 j - 2 potions of attraction {unknown}
 r - a potion of lignification {unknown}
 t - 2 potions of haste {unknown}
 v - a potion of might {unknown}


   Skills:
 + Level 3.3 Fighting
 + Level 2.8 Armour
 - Level 2.2 Dodging
 - Level 1.6 Stealth
 * Level 5.2 Spellcasting


You couldn't memorise any spells.
You knew the following spells:

 Your Spells              Type           Power      Damage    Failure   Level
a - Sandblast             Erth           50%        2d12      2%          1
b - Passwall              Tmut/Erth      20%        N/A       3%          2
c - Stone Arrow           Conj/Erth      50%        3d10      8%          3
d - Petrify               Tmut/Erth      25%        N/A       24%         4
e - Lee's Rapid Deconstr  Erth           12%        3d10*     56%         5
f - Foxfire               Conj/Fire      100%       2x1d9     2%          1
g - Static Discharge      Conj/Air       25%        N/A       3%          2
h - Summon Guardian Gole  Hex/Summ       25%        N/A       8%          3
Your spell library was empty.

Dungeon Overview and Level Annotations

Branches:
Dungeon (6/15)             Temple (0/1) D:6

Altars:
Kikubaaqudgha
Makhleb
Sif Muna
The Shining One

Shops:
D:2 :   D:4 (

Annotations:
D:6 1 runed translucent door, Sergey's ghost, novice DDDe


Innate Abilities, Weirdness & Mutations

You are immune to poison.
Your flesh is very heat resistant. (rF++)
You are vulnerable to cold. (rC-)
You float through the air rather than walking.
You learn spells naturally, not from books.
Your magical power is your life essence.
You have superior vitality. (+4 HP)


Message History

b - 59 stones You see here a +0 club.
You start resting.
Your foxfire dissipates! x2
You start resting.
Your magical contamination has completely faded away.
You start resting.
Your guardian golem disappears in a puff of smoke!
HP restored.
Found a ring mail.
Casting: Sandblast (safe; 2% risk of failure)
Confirm with . or Enter, or press ? or * to list all spells.
A guardian golem appears, shielding your allies.
A centaur comes into view.
The centaur shouts! x2; You hear a shout!
The centaur shoots an arrow.
The arrow hits you!
The centaur wields a +0 shortbow.
The centaur shoots an arrow.
The arrow barely misses you.
The centaur shoots an arrow.
The arrow barely misses you.
The centaur shoots an arrow.
The arrow hits you.
The centaur shoots an arrow.
The arrow closely misses you.
The centaur shoots an arrow.
The arrow barely misses you.
Casting: Summon Guardian Golem (dangerous; 8% risk of failure)
Confirm with . or Enter, or press ? or * to list all spells.
A guardian golem appears, shielding your allies.
Your guardian golem disappears in a puff of smoke!
The centaur shoots an arrow.
The arrow hits you!
The centaur shoots an arrow.
The arrow hits you!
* * * LOW HITPOINT WARNING * * *
The centaur shoots an arrow.
The arrow hits you.
* * * LOW HITPOINT WARNING * * *
Blink to where?
Press: ? - help, Dir - move target
As you read the scroll of blinking, it crumbles to dust.
The centaur shoots an arrow.
The arrow barely misses you.
The centaur shoots an arrow.
The arrow hits you!
* * * LOW HITPOINT WARNING * * *
There is a stone staircase leading down here.
The centaur shoots an arrow.
The arrow hits you!
You die...

######.####.............
<......# #..###.#####.. ########
#.[# ### #..# #..# ######.#.####
#.....###...#
#.####.#.##.#####.# ## #.#
##....@....... .# ##.##
##)##.########.# ## ##...##
#:##.# .. ... .. ##.[...##
#§##.###.#.#.#.#.#..
###.......###..c........<....o..
............§.8..###.#.#c#Z#.#.o
###.......###c#### .. ... .. #
##.....## #... #. .#.#. .# #
##...## #...c... .wJ.... ..


You could see a centaur.

Vanquished Creatures
  A scorpion (D:6)
  A water moccasin zombie (D:6)
  4 hounds
  A jelly (D:6)
  An orc priest (D:5)
  A bullfrog skeleton (D:6)
  A gnoll shaman (D:6)
  A hound skeleton (D:4)
  5 gnolls
  A howler monkey skeleton (D:5)
  A shadow imp (D:6)
  A dart slug (D:3)
  5 orcs
  5 ball pythons
  6 bats
  7 endoplasms
  4 giant cockroaches
  4 goblins
  5 hobgoblins
  4 jackals (D:1)
  8 kobolds
  3 frilled lizards
  3 rats
73 creatures vanquished.

Vanquished Creatures (others)
  134 foxfires
134 creatures vanquished.

Grand Total: 207 creatures vanquished

Notes
Turn   | Place    | Note
-------+----------+-------------------------------------------
     0 | D:1      | Gaff the Djinni Earth Elementalist began the quest for the
                  | Orb.
     0 | D:1      | Reached XP level 1. HP: 15/15 MP: 0/0
    63 | D:1      | Reached skill level 3 in Spellcasting
   247 | D:1      | Reached XP level 2. HP: 21/21 MP: 0/0
   874 | D:1      | Reached XP level 3. HP: 24/26 MP: 0/0
   874 | D:1      | Learned a level 1 spell: Foxfire
   906 | D:1      | Reached skill level 1 in Fighting
  1598 | D:2      | Found Edittome's Book Emporium.
  2377 | D:3      | Found a faded altar of an unknown god.
  2504 | D:3      | Reached XP level 4. HP: 31/32 MP: 0/0
  3501 | D:4      | Reached skill level 1 in Armour
  3501 | D:4      | Reached skill level 4 in Spellcasting
  3787 | D:4      | Found Gearih's Antique Weapon Emporium.
  4122 | D:4      | Found a glowing golden altar of the Shining One.
  4151 | D:4      | Reached XP level 5. HP: 28/38 MP: 0/0
  4151 | D:4      | Learned a level 2 spell: Static Discharge
  4248 | D:4      | Found a burning altar of Makhleb.
  4386 | D:4      | Became a worshipper of Makhleb the Destroyer
  4417 | D:5      | Entered Level 5 of the Dungeon
  4417 | D:5      | Noticed a centaur
  4599 | D:6      | Noticed a black bear
  4685 | D:6      | Reached XP level 6. HP: 25/45 MP: 0/0
  4922 | D:6      | Found a runed translucent door.
  4926 | D:6      | Noticed Sergey's ghost (novice DDDe)
  5001 | D:6      | Found a staircase to the Ecumenical Temple.
  5272 | D:6      | Reached skill level 5 in Spellcasting
  5276 | D:6      | Reached XP level 7. HP: 14/50 MP: 0/0
  5276 | D:6      | Learned a level 3 spell: Summon Guardian Golem
  5608 | D:5      | Shot with an arrow by a centaur

Illustrated notes

Levels and vault maps discovered:
D:1:      amcnicky_arrival_single_pillar, layout_rooms, wad_floor_pattern_1,
          minmay_octomino_j4
D:2:      layout_rooms, serial_co_window_serial, co_window_corner_a,
          co_window_paths_a, co_window_corner_a, co_window_paths_b,
          co_window_of_opportunity_a, co_window_cross_1, co_window_paths_a,
          co_window_paths_b, co_window_of_opportunity_a, co_window_2corner,
          co_window_broadway_a, co_window_broadway_a, co_window_cross_3,
          co_window_corner_ca, co_window_corner_b, co_window_paths_c,
          glass_columns_a, glass_columns_b, basic_altar, serial_shops, shop
D:3:      layout_basic, chequers_ecumenical_altar_simple,
          minmay_misc_feat_four_crosses
D:4:      layout_loops_ring, lemuel_crystal_altar, makhleb_blood_cavern_becter,
          kennysheep_little_box, serial_shops, shop
D:5:      gammafunk_cloud_chamber, layout_loops_ring, xom_butterflies,
          minivault_14, st_stairs_10, minmay_circle_x
D:6:      layout_rooms, trog_hazing_becter, minmay_temple_entry_fiery,
          ebering_ghost_sewer_d, kennysheep_nub

Skill      XL: |  1  2  3  4  5  6 |
---------------+-------------------+-----
Spellcasting   | 3 4 5 |  5.2
Fighting       | 1 2 3 |  3.3
Armour         | 1 2 |  2.8
Dodging        | |  2.2
Stealth        | |  1.6

Action                   |  1- 3 |  4- 6 |  7- 9 || total
-------------------------+-------+-------+-------++-------
Melee: Spear             |    62 |    24 |       ||    86
 Cast: Sandblast         |    13 |    10 |     3 ||    26
       Foxfire           |    22 |    71 |     3 ||    96
       Summon Guardian G |       |       |     4 ||     4
  Use: Scroll            |     3 |     1 |     1 ||     5
 Stab: Sleeping          |     3 |     2 |       ||     5
Armor: Robe              |    13 |       |       ||    13
       Acid dragon scale |     5 |    32 |     3 ||    40
Dodge: Dodged            |    55 |    48 |     9 ||   112

Table legend: (Time is in decaauts)
 A = Elapsed time spent in this place.
 B = Non-inter-level travel time spent in this place.
 C = Inter-level travel time spent in this place.
 D = Time resting spent in this place.
 E = Time spent auto-exploring this place.
 F = Levels seen in this place.
 G = Mean time per level.
                   A        B        C        D        E       F      G
               +--------+--------+--------+--------+--------+-----+--------+
         Total |   5619 |   5276 |    343 |   1627 |   2526 |   6 |  936.5 |
       Dungeon |   5619 |   5276 |    343 |   1627 |   2526 |   6 |  936.5 |
               +--------+--------+--------+--------+--------+-----+--------+

Top non-repeatable levels by time:
     D:1: 1232 daAuts
     D:4: 1176 daAuts
     D:2: 1069 daAuts
     D:3: 995 daAuts
     D:6: 923 daAuts
     D:5: 221 daAuts
